 Dungeon Crawl Stone Soup version 0.21-a0-440-g28109cb (webtiles) character file.

683 spideysense the Cleaver (level 7, 0/64 HPs)
             Began as a Minotaur Fighter on Nov 10, 2017.
             Succumbed to a gnoll's poison
             ... on level 4 of the Dungeon.
             The game lasted 00:05:32 (3859 turns).

spideysense the Cleaver (Minotaur Fighter)          Turns: 3859, Time: 00:05:33

Health: 0/64       AC:  6    Str: 27    XL:     7   Next: 35%
Magic:  6/6        EV:  7    Int:  5    God:
Gold:   173        SH: 10    Dex: 10    Spells: 6/6 levels left

rFire    + . .     SeeInvis .   a - +0 war axe
rCold    . . .     Gourm    .   c - +0 shield
rNeg     . . .     Faith    .   b - +0 scale mail
rPois    .         Spirit   .   (helmet restricted)
rElec    .         Reflect  .   (no cloak)
rCorr    .         Harm     .   (no gloves)
MR       +....                  (no boots)
Stlth    ..........             (no amulet)
HPRegen  0.20/turn              v - ring of protection from fire
MPRegen  0.10/turn              u - ring of protection from magic

@: mighty, lethally poisoned (0 -> -4)
A: retaliatory headbutt, horns 2
a: no special abilities


You were on level 4 of the Dungeon.
You were near starving.

You visited 1 branch of the dungeon, and saw 4 of its levels.

You collected 173 gold pieces.

Inventory:

Hand Weapons
 a - a +0 war axe (weapon)
Missiles
 k - 36 sling bullets
 n - 287 stones (quivered)
Armour
 b - a +0 scale mail (worn)
 c - a +0 shield (worn)
Jewellery
 q - an uncursed ring of positive energy
 u - a ring of protection from magic (right hand)
 v - a ring of protection from fire (left hand)
Wands
 r - a wand of confusion (31/48)
Scrolls
 e - 3 scrolls of teleportation {unknown}
 g - a scroll of random uselessness {unknown}
 h - 4 scrolls of identify {unknown}
 j - a scroll of amnesia {unknown}
 m - a scroll of noise {unknown}
 p - 4 scrolls of remove curse {unknown}
 t - a scroll of recharging {unknown}
Comestibles
 f - 5 bread rations
 i - 2 royal jellies


   Skills:
 + Level 6.6 Fighting
 * Level 8.3 Axes
 - Level 3.6 Armour
 - Level 3.6 Shields


You had 6 spell levels left.
You didn't know any spells.

Dungeon Overview and Level Annotations

Branches:
Dungeon (4/15)
 Temple: D:4-7

Altars:
Cheibriados
Gozag
Ru


Innate Abilities, Weirdness & Mutations

You reflexively headbutt those who attack you in melee.
You have a pair of horns on your head.


Message History

* * * LOW HITPOINT WARNING * * *
Things that are here:
a spear of venom; a gnoll corpse Unknown command.
You slash the gnoll!
The gnoll is almost dead.
You block the gnoll's attack.
You slash the gnoll!
You kill the gnoll!
* * * LOW HITPOINT WARNING * * *
You feel sick.
* * * LOW HITPOINT WARNING * * *
You feel sick.
Things that are here:
a spear; 9 gold pieces Unknown command.
There is a lethal amount of poison in your body!
There is a lethal amount of poison in your body!
You feel very mighty all of a sudden.
You die...

≈≈≈≈≈≈≈≈≈≈≈≈≈≈≈≈≈≈≈≈≈≈≈≈.....≈≈≈≈
≈≈≈≈≈≈≈≈≈≈≈≈≈≈≈≈≈≈≈≈≈≈≈.....≈≈≈≈≈
≈≈≈≈≈≈≈≈≈≈≈≈≈≈≈≈≈≈≈≈≈≈≈......≈≈≈≈
...≈≈.≈...≈..≈≈≈≈≈..≈.≈≈....≈≈≈≈.
..(..............g...............
...................g.............
....>............Kg..............
####..###......)###############..
.........###+###@)......... ..
...... #.....#.########## ###...
#.♣.♣.#.# # . +.._..'.# #
#.♣.♣.### # #.....# # ###'### #
###.##### # #[......#


There were no monsters in sight!

Vanquished Creatures
  Sigmund (D:3)
  3 big kobolds (D:4)
  A scorpion (D:4)
  An orc priest (D:3)
  An orc wizard (D:3)
  A worker ant (D:4)
  A hound skeleton (D:4)
  2 gnolls (D:4)
  5 adders
  2 worms
  2 dart slugs (D:1)
  2 leopard geckos
  6 orcs
  7 bats
  6 giant cockroaches
  5 goblins
  12 hobgoblins
  A ball python (D:3)
  6 frilled lizards
  A jackal skeleton (D:4)
  48 kobolds
  6 rats
120 creatures vanquished.

Notes
Turn   | Place    | Note
-------+----------+-------------------------------------------
     0 | D:1      | spideysense the Minotaur Fighter began the quest for the Orb.
     0 | D:1      | Reached XP level 1. HP: 19/19 MP: 0/0
   189 | D:1      | Reached skill level 3 in Axes
   242 | D:1      | Reached XP level 2. HP: 27/27 MP: 1/1
   771 | D:1      | Reached XP level 3. HP: 29/33 MP: 2/2
  1055 | D:1      | Reached skill level 4 in Axes
  1452 | D:2      | Reached XP level 4. HP: 37/41 MP: 3/3
  1632 | D:3      | HP: 2/41 [orc priest/divine providence (8)]
  1938 | D:3      | Reached skill level 5 in Axes
  2272 | D:3      | Reached XP level 5. HP: 44/47 MP: 4/4
  2299 | D:3      | Noticed Sigmund
  2311 | D:3      | Killed Sigmund
  2311 | D:3      | Reached skill level 5 in Fighting
  2311 | D:3      | Reached skill level 6 in Axes
  2311 | D:3      | Reached XP level 6. HP: 38/56 MP: 5/5
  2662 | D:3      | Found an opulent altar of Gozag.
  2705 | D:3      | Found a sacrificial altar of Ru.
  3252 | D:4      | Found a snail-covered altar of Cheibriados.
  3279 | D:4      | Reached skill level 7 in Axes
  3588 | D:4      | Reached XP level 7. HP: 53/63 MP: 6/6
  3781 | D:4      | Reached skill level 8 in Axes
  3855 | D:4      | HP: 2/64 [gnoll/spear (6)]
  3859 | D:4      | Succumbed to a gnoll's poison

Vault maps used:
D:1:      saegor_arrival_simple_e, minmay_split_cup_large
D:3:      grunt_gozag_statues, nicolae_ru_the_path_less_chosen,
          amethyst_killhole, uniq_sigmund
D:4:      minmay_goblin_kobold_castle, kennysheep_little_box, first_bread

Skill      XL: |  1  2  3  4  5  6  7 |
---------------+----------------------+-----
Axes           | 3 4 5 6 7 8 |  8.3
Fighting       | 4 5 6 |  6.6
Armour         | |  3.6
Shields        | |  3.6

Action                   |  1- 3 |  4- 6 |  7- 9 || total
-------------------------+-------+-------+-------++-------
Melee: War axe           |    97 |   109 |    37 ||   243
       Headbutt          |     9 |    19 |     1 ||    29
  Use: Potion            |       |       |     6 ||     6
  Eat: Chunk             |     2 |     6 |       ||     8
Armor: Scale mail        |    55 |    50 |    22 ||   127
Dodge: Dodged            |    35 |    32 |    14 ||    81
Block: Shield            |    69 |    64 |    28 ||   161

Table legend:
 A = Spawn XP
 B = Non-spawn XP
 C = Spawn XP percentage of total XP
 D = Spawn monster count
 E = Non-spawn monster count
 F = Spawn count percentage of total count
 G = Total turns spent on level
                    A         B        C        D         E        F      G
               +---------+---------+-------+---------+---------+-------+---------
         Total |       0 |     976 |   0.0 |       0 |     120 |   0.0 |  3859
               +---------+---------+-------+---------+---------+-------+---------
           D:1 |       0 |      54 |   0.0 |       0 |      30 |   0.0 |   915
           D:2 |       0 |      49 |   0.0 |       0 |      17 |   0.0 |   994
           D:3 |       0 |     324 |   0.0 |       0 |      15 |   0.0 |  1103
           D:4 |       0 |     549 |   0.0 |       0 |      58 |   0.0 |   847
               +---------+---------+-------+---------+---------+-------+---------
